 Dungeon Crawl Stone Soup version 0.22-a0-377-g846bec1a06 (webtiles) character file.

1384 sentientfungus the Chiller (level 8, -1/50 HPs)
             Began as an Octopode Ice Elementalist on Apr 27, 2018.
             Slain by an orc warrior
             ... wielding a +0 glaive
              (19 damage)
             ... on level 6 of the Dungeon.
             The game lasted 00:14:19 (8149 turns).

sentientfungus the Chiller (OpIE)                   Turns: 8149, Time: 00:14:21

Health: -1/50      AC:  7    Str:  7    XL:     8   Next: 67%
Magic:  6/15       EV: 11    Int: 20    God:
Gold:   92         SH:  0    Dex: 12    Spells: 6/16 levels left

rFire    . . .     SeeInvis +   u - +0 long sword (protect)
rCold    . . .     Gourm    .   (no shield)
rNeg     . . .     Faith    .   (helmet restricted)
rPois    .         Spirit   .   (no amulet)
rElec    .         Reflect  .   g - ring of see invisible
rCorr    .         Harm     .   s - ring of flight
MR       .....                  (no ring)
Stlth    +++.......             (no ring)
HPRegen  0.16/turn              (no ring)
MPRegen  0.14/turn              (no ring)
                                (no ring)
                                (no ring)

@: icy armour, constricted
A: almost no armour, stealthy swim, amphibious, 8 rings, constrict 8, camouflage
1, gelatinous body 1
a: Evoke Flight


You were on level 6 of the Dungeon.
You were not hungry.

You visited 1 branch of the dungeon, and saw 6 of its levels.

You collected 190 gold pieces.
You spent 98 gold pieces at shops.

Inventory:

Hand Weapons
 r - a +0 dagger of venom
 u - a +0 long sword of protection (weapon)
 v - a +2 quarterstaff of chaos
Missiles
 q - 7 poisoned javelins (quivered)
Jewellery
 g - a ring of see invisible (left tentacle)
 s - a ring of flight (right tentacle)
Wands
 o - a wand of polymorph (3)
Scrolls
 c - 4 scrolls of teleportation
 e - a scroll of amnesia {unknown}
 l - 4 scrolls of remove curse
Potions
 a - a potion of flight
 d - a potion of mutation
 f - 2 potions of ambrosia
 h - a potion of degeneration {unknown}
 i - a potion of berserk rage
 j - a potion of haste
 k - a potion of cancellation {unknown}
 m - a potion of agility {unknown}
 p - a potion of curing
 t - a potion of heal wounds
Comestibles
 b - 8 rations


   Skills:
 + Level 2.2 Fighting
 + Level 1.0 Long Blades
 + Level 3.4 Dodging
 - Level 2.6 Stealth
 + Level 4.9 Spellcasting
 * Level 4.3 Conjurations
 * Level 3.5 Charms
 + Level 6.2 Ice Magic


You had 6 spell levels left.
You knew the following spells:

 Your Spells              Type           Power        Failure   Level  Hunger
a - Freeze                Ice            ####         1%          1    None
b - Throw Frost           Conj/Ice       ####..       1%          2    #......
c - Ozocubu's Armour      Chrm/Ice       ###.....     4%          3    ##.....
d - Throw Icicle          Conj/Ice       ####....     13%         4    ####...


Dungeon Overview and Level Annotations

Branches:
Dungeon (6/15)
 Temple: D:4-7

Altars:
Sif Muna

Shops:
D:4 ?


Innate Abilities, Weirdness & Mutations

You cannot wear most types of armour.
You are very stealthy in the water. (Stealth+)
You are amphibious.
You can wear up to eight rings at the same time.
You can use your tentacles to constrict eight enemies at once.
Your skin changes colour to match your surroundings (Stealth+).
Your rubbery body absorbs attacks. (AC +1, EV +1)


Message History

Aiming: Freeze (safe; 1% risk of failure)
Press: ? - help, Shift-Dir - straight line, f/p - sky beast
Aim: a sky beast (severely wounded, slightly transparent)
You freeze the sky beast.
The sky beast is almost dead.
The sky beast barely misses you.
The orc warrior hits you from afar with a glaive.
The ball python misses you. x2; The orc misses you.
Casting: Freeze (safe; 1% risk of failure)
Confirm with . or Enter, or press ? or * to list all spells.
Aiming: Freeze (safe; 1% risk of failure)
Press: ? - help, Shift-Dir - straight line, f/p - sky beast
Aim: a sky beast (almost dead, slightly transparent)
You freeze the sky beast.
You kill the sky beast!
Your Long Blades skill increases to level 1!
The ball python closely misses you. The ball python grabs you.
The ball python constricts you.
The orc warrior hits you from afar with a glaive!!
You die...

. #.# #.?. . #.# ###...
. #.## .... #######..###
##..# ...........###..#
..##...##......##
######.####.....### ##
#.# #..##...#.## >###
#.# #..###@....#
...##..# #....oS....#
.......# .......o.......
.......#..###...........
#......>.# ##......#...
<........ ##.....###.
....####. #.....# ...##
..##... ..##


You could see an orc warrior, an orc and a ball python.

Vanquished Creatures
  The ghost of thing2 the Firebug, a novice OpFE (D:4)
  Sigmund (D:3)
  Purgy (D:2)
  A sky beast (D:6)
  2 bullfrogs (D:6)
  A bullfrog zombie (D:5)
  A jelly (D:5)
  Crazy Yiuf (D:3)
  An orc priest (D:6)
  A hound (D:5)
  A bullfrog skeleton (D:5)
  An iguana (D:5)
  4 orc wizards
  Natasha (thrice) (D:2)
  2 worker ants (D:4)
  A hound zombie (D:5)
  Robin (D:4)
  6 adders
  An ooze (D:4)
  2 adder zombies (D:6)
  5 worms
  A dart slug (D:3)
  3 leopard geckos
  18 orcs
  6 bats
  7 giant cockroaches
  3 hobgoblins
  7 jackals
  3 quokkas
  3 ball pythons
  4 frilled lizards
  17 goblins
  4 kobolds
  A quokka skeleton (D:5)
  5 rats
120 creatures vanquished.

Notes
Turn   | Place    | Note
-------+----------+-------------------------------------------
     0 | D:1      | sentientfungus the Octopode Ice Elementalist began the quest for the Orb.
     0 | D:1      | Reached XP level 1. HP: 11/11 MP: 3/3
     4 | D:1      | Noticed a death yak
   407 | D:1      | Reached XP level 2. HP: 9/17 MP: 0/5
   411 | D:1      | Learned a level 2 spell: Throw Frost
  1067 | D:2      | Noticed Natasha
  1208 | D:2      | Reached XP level 3. HP: 15/21 MP: 6/6
  1213 | D:2      | Learned a level 3 spell: Ozocubu's Armour
  1365 | D:2      | Killed Natasha
  1365 | D:2      | Reached skill level 4 in Ice Magic
  1542 | D:2      | Reached XP level 4. HP: 27/27 MP: 7/7
  1908 | D:2      | Noticed Natasha
  1916 | D:2      | Killed Natasha
  1916 | D:2      | Reached XP level 5. HP: 16/32 MP: 2/8
  2383 | D:2      | Noticed Natasha
  2389 | D:2      | Killed Natasha
  2457 | D:3      | Noticed Purgy
  2545 | D:2      | Killed Purgy
  2545 | D:2      | Reached skill level 1 in Fighting
  2545 | D:2      | Reached skill level 1 in Charms
  2545 | D:2      | Reached XP level 6. HP: 38/38 MP: 10/10
  2618 | D:2      | Learned a level 4 spell: Throw Icicle
  3660 | D:3      | Noticed Sigmund
  3666 | D:3      | Killed Sigmund
  3666 | D:3      | Reached skill level 5 in Ice Magic
  3666 | D:3      | Reached XP level 7. HP: 43/43 MP: 4/12
  3820 | D:3      | Found a runed door.
  4043 | D:3      | Noticed Crazy Yiuf
  4053 | D:3      | Killed Crazy Yiuf
  4493 | D:4      | Noticed Robin
  4498 | D:4      | Killed Robin
  4812 | D:4      | Noticed thing2's ghost (novice OpFE)
  4842 | D:4      | Killed thing2's ghost
  4842 | D:4      | Reached XP level 8. HP: 34/50 MP: 9/14
  5357 | D:4      | Found Roarekh's Magic Scroll Shop.
  5362 | D:4      | Bought a scroll of remove curse for 42 gold pieces
  5362 | D:4      | Bought a scroll of identify for 28 gold pieces
  5362 | D:4      | Bought a scroll of identify for 28 gold pieces
  5547 | D:4      | Found a deep blue altar of Sif Muna.
  5828 | D:4      | Identified Sif Muna's Papyrus of the Rocks
  6233 | D:5      | Entered Level 5 of the Dungeon
  7464 | D:5      | Reached skill level 6 in Ice Magic
  8149 | D:6      | Reached skill level 1 in Long Blades
  8149 | D:6      | Slain by an orc warrior

Vault maps used:
D:1:      sevenhm_arrival_forest_fort_small_2
D:2:      first_ration, uniq_natasha
D:3:      uniq_crazy_yiuf_cottage, uniq_sigmund, uniq_purgy
D:4:      serial_shops, kennysheep_little_box, corexii_hall_statues_l,
          minmay_misc_feat_rugged, led_sif_book, uniq_robin
D:6:      minmay_temple_entry_enclosed_plants, hangedman_decor_diamond_cutter,
          uniq_eustachio, uniq_prince_ribbit1

Skill      XL: |  1  2  3  4  5  6  7  8 |
---------------+-------------------------+-----
Ice Magic      | 4 5 6 |  6.2
Conjurations   | 2 3 4 |  4.3
Fighting       | 1 2 |  2.2
Spellcasting   | 3 4 |  4.9
Charms         | 1 2 3 |  3.5
Dodging        | 3 |  3.4
Long Blades    | 1 |  1.0
Stealth        | |  2.6

Action                   |  1- 3 |  4- 6 |  7- 9 || total
-------------------------+-------+-------+-------++-------
Melee: Dagger            |    36 |    82 |     6 ||   124
       Constrict         |     9 |    23 |    25 ||    57
       Tentacles         |     4 |    15 |     8 ||    27
       Quarterstaff      |       |       |    70 ||    70
       Long sword        |       |       |    18 ||    18
 Cast: Freeze            |     8 |    38 |    20 ||    66
       Ozocubu's Armour  |       |     4 |    13 ||    17
       Throw Frost       |       |     1 |    42 ||    43
  Use: Potion            |       |     2 |     2 ||     4
       Scroll            |       |     3 |     6 ||     9
 Stab: Sleeping          |     6 |     9 |     4 ||    19
  Eat: Chunk             |     2 |     3 |    13 ||    18
       Ration            |       |     1 |     1 ||     2
Armor: Skin              |     2 |    24 |    27 ||    53
Dodge: Dodged            |    21 |    64 |    78 ||   163
       Rpst.: Long sword |       |       |     7 ||     7

Table legend:
 A = Spawn XP
 B = Non-spawn XP
 C = Spawn XP percentage of total XP
 D = Spawn monster count
 E = Non-spawn monster count
 F = Spawn count percentage of total count
 G = Total turns spent on level
                    A         B        C        D         E        F      G
               +---------+---------+-------+---------+---------+-------+---------
         Total |       0 |    1978 |   0.0 |       0 |     120 |   0.0 |  8149
               +---------+---------+-------+---------+---------+-------+---------
           D:1 |       0 |      14 |   0.0 |       0 |       8 |   0.0 |   881
           D:2 |       0 |     350 |   0.0 |       0 |      37 |   0.0 |  2044
           D:3 |       0 |     369 |   0.0 |       0 |      25 |   0.0 |  1647
           D:4 |       0 |     636 |   0.0 |       0 |      31 |   0.0 |  1769
           D:5 |       0 |     241 |   0.0 |       0 |      11 |   0.0 |  1639
           D:6 |       0 |     368 |   0.0 |       0 |       8 |   0.0 |   169
               +---------+---------+-------+---------+---------+-------+---------
